 Dungeon Crawl Stone Soup version 0.31.0-9-g3a7656b989 (webtiles) character file.

Game seed: 4761101690763244108

39 qw the Shooter (level 3, 0/20 HPs)
             Began as a Deep Elf Hunter on Feb 2, 2024.
             Succumbed to their own poison gas
             ... on level 1 of the Dungeon.
             The game lasted 00:00:03 (764 turns).

qw the Shooter (Deep Elf Hunter)                     Turns: 764, Time: 00:00:03

Health: 0/20       AC:  6    Str: 10    XL:     3   Next: 26%
Magic:  5/5        EV: 11    Int: 13    God:
Gold:   44         SH:  0    Dex: 18    Spells: 2/2 levels left

rFire   . . .        a - +0 shortbow
rCold   . . .        (shield currently unavailable)
rNeg    . . .        d - +0 ring mail
rPois   .            (no helmet)
rElec   .            (no cloak)
rCorr   .            h - +0 pair of gloves
SInv    .            (no boots)
Will    .....        (no amulet)
Stlth   +            (no ring)
HPRegen 0.23/turn    (no ring)
MPRegen 0.09/turn

%: no passive effects
@: lethally poisoned (0 -> -1)
A: no striking features
a: no special abilities


You were on level 1 of the Dungeon.
You visited 1 branch of the dungeon, and saw 2 of its levels.

You collected 44 gold pieces.


   Skills:
 - Level 1.5 Fighting
 + Level 6.8 Ranged Weapons
 - Level 2.4 Dodging
 - Level 1.2 Stealth


You had 2 spell levels left.
You didn't know any spells.
Your spell library was empty.

Inventory:

Hand Weapons
 a - a +0 shortbow (weapon)
Armour
 d - a +0 ring mail (worn)
 h - a +0 pair of gloves (worn)
Potions
 c - a potion of heal wounds
 f - a potion of enlightenment {unknown}
 g - a potion of haste {unknown}
 i - a potion of curing {unknown}

Dungeon Overview and Level Annotations

Branches:
Dungeon (2/15)

Altars:

Shops:
D:1 *(:


Message History

745 ||| UPGRADING to +0 pair of gloves.
You start putting on your armour.
You continue putting on your +0 pair of gloves. x4
You finish putting on your +0 pair of gloves.
750 ||| READING 2 scrolls labelled OSHRAS KIRUGOICW.
The air fills with toxic fumes!
As you read the scroll labelled OSHRAS KIRUGOICW, it crumbles to dust.
It was a scroll of poison.
751 ||| READING scroll labelled OCVOJE TUADAER.
As you read the scroll labelled OCVOJE TUADAER, it crumbles to dust.
You feel momentarily disoriented.
It was a scroll of revelation.
752 ||| DRINKING 2 amethyst potions.
It was a potion of heal wounds.
You feel much better.
753 ||| DROPPING scroll of poison.
You drop a scroll of poison.
Enter note:
Enter note:
Enter note: You are engulfed in poison gas.
You are poisoned.
You feel very sick.
755 ||| Stepping ~*~*~tactically~*~*~ (cloud).
You feel very sick.
You see here a scroll of poison.
There is a lethal amount of poison in your body!
You feel very sick.
There is a lethal amount of poison in your body!
You feel sick.
There is a lethal amount of poison in your body!
You feel sick.
There is a lethal amount of poison in your body!
You feel sick.
There is a lethal amount of poison in your body!
You feel sick.
There is a lethal amount of poison in your body!
You feel sick.
There is a lethal amount of poison in your body!
You feel sick.
There is a lethal amount of poison in your body!
You feel sick.
There is a lethal amount of poison in your body!
You die...

..........#
..........##############
##'######.##############
##.# ####.##############
...###.......###########
...........>)......#####
######...##..#####.#####
#...##..#0..#.#####
#...##..#..@#.#####
#...##..###.#.##### ##
#...##..###.#.##### .#
#..........ยค#.##### .#
#.###..######.##### .#
#.##..........##### .#
#.##'############## .#
#.#.....########### .#
#.#.....#


There were no monsters in sight!

Vanquished Creatures
  2 dart slugs (D:1)
  2 ball pythons (D:1)
  4 endoplasms (D:1)
  6 giant cockroaches (D:1)
  4 goblins (D:1)
  A hobgoblin (D:1)
  4 jackals (D:1)
  2 bats (D:1)
  A frilled lizard (D:1)
  A kobold (D:1)
  A rat (D:1)
28 creatures vanquished.

Notes
Turn   | Place    | Note
-------+----------+-------------------------------------------
     0 | D:1      | qw the Deep Elf Hunter began the quest for the Orb.
     0 | D:1      | Reached XP level 1. HP: 12/12 MP: 3/3
     0 | D:1      | 0 ||| qw: Version: 0.3-a-155-g5e7d8dd
     0 | D:1      | 0 ||| qw: Game counter: 1133
     0 | D:1      | 0 ||| qw: Melee chars always use a shield: true
     0 | D:1      | 0 ||| qw: God list: Okawaru
     0 | D:1      | 0 ||| qw: Allow faded altars: false
     0 | D:1      | 0 ||| qw: Do Orc after clearing Dungeon:15 true
     0 | D:1      | 0 ||| qw: Do second Lair branch before Depths: true
     0 | D:1      | 0 ||| qw: Lair rune preference: random
     0 | D:1      | 0 ||| qw: Goals: Normal
     0 | D:1      | 0 ||| PLANNING D:1-11
    69 | D:1      | Found Anlopo Xufe's Book Shoppe.
    73 | D:1      | You fall into a shaft and drop 1 floor!
    83 | D:2      | 83 ||| UPGRADING to +0 ring mail.
    93 | D:2      | 93 ||| DROPPING +0 leather armour.
    94 | D:2      | 94 ||| DROPPING scroll of butterflies.
   106 | D:1      | Reached skill level 6 in Ranged Weapons
   106 | D:1      | Reached XP level 2. HP: 11/16 MP: 4/4
   220 | D:1      | 220 ||| RETREEEEATING.
   222 | D:1      | 222 ||| RETREEEEATING.
   227 | D:1      | 227 ||| RETREEEEATING.
   255 | D:1      | Reached XP level 3. HP: 20/20 MP: 5/5
   261 | D:1      | Found Etin's General Store.
   267 | D:1      | 267 ||| SHOPLISTING +0 pair of gloves (58 gold, have 26).
   267 | D:1      | 267 ||| SHOPLISTING potion of might (52 gold, have 26).
   362 | D:1      | Found Raniusa's Antique Weapon Shoppe.
   745 | D:1      | 745 ||| UPGRADING to +0 pair of gloves.
   750 | D:1      | 750 ||| READING 2 scrolls labelled OSHRAS KIRUGOICW.
   751 | D:1      | 751 ||| READING scroll labelled OCVOJE TUADAER.
   752 | D:1      | 752 ||| DRINKING 2 amethyst potions.
   753 | D:1      | 753 ||| DROPPING scroll of poison.
   755 | D:1      | 755 ||| Stepping ~*~*~tactically~*~*~ (cloud).
   758 | D:1      | HP: 5/20 [poisoned by you (poison gas)]
   762 | D:1      | HP: 2/20 [poisoned by you (poison gas)]
   764 | D:1      | Succumbed to their own poison gas

Levels and vault maps discovered:
D:1:      dpeg_arrival_prison, layout_basic, serial_shops, shop,
          nicolae_shop_advertising_works [nicolae_subvault_shop_adworks], shop
D:2:      layout_basic, basic_altar, uniq_terence, uniq_jessica

Skill      XL: |  1 |
---------------+----+-----
Ranged Weapons | 6 |  6.8
Fighting       | |  1.5
Dodging        | |  2.4
Stealth        | |  1.2

Action                     || total
---------------------------++-------
   Fire: Shortbow          ||    67
    Use: Scroll            ||     2
         Potion            ||     1
 Armour: Leather armour    ||     4
         Ring mail         ||    20
  Dodge: Dodged            ||    21

Table legend:
 A = Non-vault XP
 B = Vault XP
 C = Vault XP percentage of total XP
 D = Non-vault monster count
 E = Vault monster count
 F = Vault count percentage of total count
                 A         B        C        D         E       F
            +---------+---------+-------+---------+---------+-------
      Total |      45 |      11 |  19.6 |      22 |       6 |  21.4
            +---------+---------+-------+---------+---------+-------
        D:1 |      45 |      11 |  19.6 |      22 |       6 |  21.4
            +---------+---------+-------+---------+---------+-------
